Cogmind - Beta 16.1 @@@ ROGUE MODE // 2026.04.21 @ 18:49:40 Player: KURIIRI Result: Destroyed by S-10 Pest with Light Assault Rifle Performance ------------- Evolutions (0) 0 Regions Visited (2) 400 Robots Destroyed (42) 210 Value Destroyed (1190) 1190 Prototype IDs (15) 300 Alien Tech Used (0) 0 Bonus (-52) -52 TOTAL SCORE: 2048 Bonus ------- Friendly Fire -52 Cogmind --------- Core Integrity 0/250 Matter 274/300 Energy 100/100 System Corruption 2% Temperature Cool (0) Movement Treading (260) Ox1 Location -10/Subcaves Parts ------- > --- POWER (1) -------- (None) > --- PROPULSION (2) --- Spiked Treads > --- UTILITY (2) ------ Large Storage Unit Improved Terrain Scanner > --- WEAPON (2) ------- Spread Laser Subdweller Beam Cannon > --- INVENTORY (15) --- Light Treads Light Treads Compact Wheel Compact Wheel Disposable Heat Sink High-capacity Storage Unit Improved Targeting Computer Hacking Suite Spread Laser Spread Laser Spread Laser Subdweller Beam Cannon Grenade Launcher Peak State ------------ > --- POWER ------------ Ion Engine > --- PROPULSION ------- Light Treads Spiked Treads > --- UTILITY ---------- Large Storage Unit Improved Terrain Scanner > --- WEAPON ----------- Subdweller Laser Subdweller Beam Cannon > --- INVENTORY -------- Ion Engine Light Treads Light Treads Compact Wheel Compact Wheel Disposable Heat Sink High-capacity Storage Unit Improved Targeting Computer Hacking Suite Spread Laser Spread Laser Spread Laser Spread Laser Subdweller Machine Gun Grenade Launcher [Rating: 14] Favorites ----------- Power Ion Engine Engine Ion Engine Propulsion Light Treads Treads Light Treads Leg Aluminum Leg Utility Large Storage Unit Device Improved Terrain Scanner Storage Large Storage Unit Weapon Subdweller Beam Cannon Energy Gun Spread Laser Energy Cannon Subdweller Beam Cannon Ballistic Gun Assault Rifle Launcher Grenade Launcher Build | -11 -10 -10 ------- Run | Yrd Mat Sub Slots Evolved . | . . . Power . | . . . Propulsion . | . . . Utility . | . . . Weapon . | . . . Parts Attached 27 | 3 11 13 Power 3 | . 2 1 Engine 3 | . 2 1 Core . | . . . Reactor . | . . . Propulsion 4 | 2 . 2 Treads 4 | 2 . 2 Leg . | . . . Wheel . | . . . Hover . | . . . Flight . | . . . Utility 5 | 1 4 . Device 3 | 1 2 . Storage 2 | . 2 . Processor . | . . . Hackware . | . . . Protection . | . . . Artifact . | . . . Weapon 15 | . 5 10 Energy Gun 6 | . 3 3 Energy Cannon 5 | . 1 4 Ballistic Gun 3 | . 1 2 Ballistic Cannon . | . . . Launcher 1 | . . 1 Special Weapon . | . . . Impact Weapon . | . . . Slashing Weapon . | . . . Piercing Weapon . | . . . Special Melee Weapon . | . . . Unidentified Prototypes . | . . . Parts Lost 6 | . 1 5 Power 3 | . 1 2 Propulsion 1 | . . 1 Utility . | . . . Weapon 2 | . . 2 Highest Loss Streak 3 | . 1 3 To Critical Strikes . | . . . Average Backups 13 | 6 11 14 Power 1 | 1 1 . Propulsion 3 | 4 2 3 Utility 3 | . 2 4 Weapon 5 | 1 4 6 Tool/Special . | . . . Unused Backups 13 | . 7 6 Power . | . . . Propulsion 1 | . 1 . Utility 5 | . 2 3 Weapon 7 | . 4 3 Tool/Special . | . . . Average Slot Usage (%) 99 | . 99 99 Engine 13 | . 13 13 Treads 27 | . 27 27 Device 14 | . 14 14 Storage 14 | . 14 14 Energy Gun 10 | . 8 12 Energy Cannon 10 | . 9 11 Ballistic Gun 6 | . 9 4 Peak Build Rating 14 | 9 12 14 Average Rating 11 | 7 9 12 On Entrance 9 | 6 9 12 Avg Prop Armor Cover (%) . | . . . Naked Turns . | . . . Heaviest Build 51 | 15 51 42 Greatest Support 40 | 40 40 40 Greatest Overweight (x) 1 | . 1 1 Average Overweight (x) . | . . . Largest Inventory Capacity 20 | 8 20 15 Average Capacity 14 | 8 14 15 Most Carried 15 | 7 15 15 Average Carried 13 | 6 11 14 Final Capacity 15 | 8 15 15 Final Carried 15 | 5 15 13 Class Distribution -------------------- 93% | Mutant 6% | Scavenger-Mutant Dominant Class ---------------- Mutant | -10/Materials Mutant | -10/Subcaves Resources | -11 -10 -10 ----------- Run | Yrd Mat Sub Matter Collected 859 | 231 229 399 Remotely . | . . . Salvage Created 1470 | 91 600 779 Parts 107 | 7 51 49 Haulers Intercepted 1 | . 1 . Recyclers Shooed . | . . . Parts Field Recycled . | . . . Retrieved Matter . | . . . Parts Self-Destructed 3 | . . 3 Prevented . | . . . Parts Restored . | . . . Kills | -11 -10 -10 ------- Run | Yrd Mat Sub Combat Hostiles Destroyed 33 | . 15 18 Guns 12 | . 5 7 Cannons 19 | . 10 9 AOE 1 | . . 1 Classes Destroyed 12 | 2 7 3 Worker 1 | . 1 . Builder 1 | . 1 . Tunneler 1 | 1 . . Hauler 1 | . 1 . Recycler 1 | 1 . . Operator 2 | . 2 . Watcher 2 | . 2 . Swarmer 6 | . 6 . Grunt 11 | . 9 2 Sentry 1 | . . 1 Artisan 2 | . . 2 Subdweller 15 | . . 15 Best Kill Streak 6 | 2 6 3 Combat Bots Only 3 | . 3 3 Max Kills in Single Turn 1 | 1 1 1 Gunslinging . | . . . Exploded 1 | . . 1 Melee . | . . . Uniques/NPCs Destroyed . | . . . Combat | -11 -10 -10 -------- Run | Yrd Mat Sub Hostile Shots Fired 169 | . 59 110 Missed 50 | . 17 33 Hits 119 | . 42 77 Projectile 119 | . 42 77 Damage Taken 1675 | . 467 1208 Core 256 | . 61 195 Absorbed by Shields . | . . . Regen/Repaired (Parts) 122 | . 122 . Core Remaining (%) 100 | 100 . . Volleys Fired 172 | 7 60 105 Largest 2 | 2 2 2 Hottest 160 | 70 130 160 Shots Fired 278 | 14 120 144 Gun 164 | 14 69 81 Cannon 110 | . 51 59 Launcher 4 | . . 4 Special . | . . . Kinetic 81 | 7 54 20 Thermal 193 | 7 66 120 Explosive 4 | . . 4 Electromagnetic . | . . . Robot Hit Streak 21 | 3 6 21 Robot Miss Streak 4 | 3 4 4 Penetration Max . | . . . Secondary Targets 2 | . . 2 Max Gunslinging Chain 1 | . . 1 Shots Hit Robots 150 | 7 53 90 Core Hits 107 | 3 38 66 Critical Kills 2 | . 1 1 Critical Parts Destroyed . | . . . Critical Strikes 4 | . 1 3 Meltdown 1 | . . 1 Destroy 3 | . 1 2 Melee Attacks . | . . . Impact . | . . . Slashing . | . . . Piercing . | . . . Sneak Attacks . | . . . Combat Hostiles . | . . . Follow-up Attacks . | . . . Damage Inflicted 2863 | 88 799 1976 Guns 1385 | 88 377 920 Cannons 1267 | . 411 856 Explosions 200 | . . 200 Melee . | . . . Ramming 11 | . 11 . Kinetic 546 | 76 253 217 Thermal 2106 | 12 535 1559 Explosive 200 | . . 200 Electromagnetic . | . . . Impact . | . . . Slashing . | . . . Piercing . | . . . Highest Corruption 2 | . 2 2 Average Corruption 2 | . 2 2 Corruption Purged . | . . . Corruption Blocked . | . . . Effects 58 | . 19 39 Message Errors 15 | . 7 8 Matter Fused 15 | . 4 11 Heat Flow Errors 10 | . 2 8 Energy Discharges 7 | . 1 6 Data Loss (minor) 7 | . 3 4 Misfires 2 | . 1 1 Alerts 1 | . . 1 Weapon Failures 1 | . 1 . Overload Shots . | . . . Overflow Damage 9 | . . 9 Projectiles 9 | . . 9 Explosions . | . . . Melee . | . . . Knockbacks 1 | . 1 . Impact 1 | . 1 . Kinetic . | . . . Secondary . | . . . Self-Inflicted Damage . | . . . Shots . | . . . Rammed 3 | . 3 . Targets Rammed 3 | . 3 . Kicked . | . . . Crushed . | . . . Highest Temperature 215 | 54 201 215 Average Temperature 52 | 25 51 55 Received Heat Transfer 441 | . 192 249 Siege Activations . | . . . Martial Activations . | . . . Shielding Activations . | . . . Robots Disrupted . | . . . Combat Hostiles . | . . . Robots Corrupted . | . . . Combat Hostiles . | . . . Parts Fried . | . . . Impact Corruptions . | . . . Robots Melted 1 | . . 1 Combat Hostiles 1 | . . 1 Parts Melted 2 | . 1 1 Heat Transferred 3126 | 37 1077 2012 Parts Sabotaged . | . . . Parts Stolen . | . . . Parts Stripped . | . . . Power Chain Reactions . | . . . Alert | -11 -10 -10 ------- Run | Yrd Mat Sub Maximum Alert Level . | . . . Low Security (%) 100 | 100 100 . Level 1 . | . . . Level 2 . | . . . Level 3 . | . . . Level 4 . | . . . Level 5 . | . . . High Security . | . . . Max Security . | . . . Peak Influence 175 | 5 175 . Initial . | . . . Average 78 | 1 81 . Influence Increases 602 | 10 522 70 Destroy 0b10 Robot/C 360 | . 300 60 Destroy 0b10 Robot/NC 45 | 10 35 . Destroy Leader 96 | . 86 10 Successful Hack 20 | . 20 . Select Force Hacks 60 | . 60 . Destroy Structure 6 | . 6 . Lose Combat Pursuer 15 | . 15 . Influence Decreases 602 | 10 471 121 Entered New Map 25 | . . 25 Time Decay 567 | 10 461 96 Lost Part 10 | . 10 . Squads Dispatched 5 | . 5 . Investigation 3 | . 3 . Extermination . | . . . Reinforcement 2 | . 2 . Assault . | . . . Garrison . | . . . Intercept . | . . . Searches Triggered . | . . . Construction Impeded . | . . . Haulers Reinforced . | . . . Active Scanning Responses . | . . . Cargo Convoy Interrupts . | . . . Stealth | -11 -10 -10 --------- Run | Yrd Mat Sub Distress Signals . | . . . Communications Jammed . | . . . Distress Signals . | . . . Times Spotted 52 | . 28 24 Peak Tracking Total 6 | . 4 6 Tactical Retreats 1 | . 1 . Traps | -11 -10 -10 ------- Run | Yrd Mat Sub Traps Triggered 5 | . 3 2 Indirectly . | . . . Trap Hack Attempts . | . . . Triggered . | . . . Disarmed . | . . . Reprogrammed . | . . . Reused . | . . . Traps Extracted . | . . . Installed . | . . . Triggered . | . . . Machines | -11 -10 -10 ---------- Run | Yrd Mat Sub Machines Disabled . | . . . Max in Single Turn . | . . . Machines Repaired . | . . . Machines Dismantled . | . . . Machines Sabotaged . | . . . Overloaded Fab Kills . | . . . Hacking | -11 -10 -10 --------- Run | Yrd Mat Sub Machines Accessed 11 | . 8 3 Terminals 5 | . 5 . Fabricators . | . . . Repair Stations 1 | . 1 . Recycling Units 2 | . 2 . Scanalyzers . | . . . Garrison Access . | . . . Total Hacks 32 | . 18 14 Successful 28 | . 14 14 Failed 4 | . 4 . Catastrophic . | . . . Database Lockouts . | . . . Manual 15 | . 15 . Terminals 14 | . 14 . Fabricators . | . . . Repair Stations 2 | . 2 . Recycling Units 2 | . 2 . Scanalyzers . | . . . Garrison Access . | . . . Terminal Hacks 16 | . 2 14 Record 12 | . . 12 Robot Analysis 1 | . 1 . Prototype ID Bank 1 | . 1 . Open Door 1 | . . 1 Proto ID Catalog 1 | . . 1 Fabricator Hacks . | . . . Repair Station Hacks 2 | . 2 . Scan Component 1 | . 1 . Repair 1 | . 1 . Recycling Unit Hacks . | . . . Scanalyzer . | . . . Garrison Access Hacks . | . . . Unauthorized Hacks 10 | . 10 . Terminals 8 | . 8 . Botnet 2 | . 2 . Operators 1 | . 1 . Skim 5 | . 5 . Fabricators . | . . . Repair Stations . | . . . Recycling Units 2 | . 2 . Tunnel 2 | . 2 . Scanalyzers . | . . . Garrison Access . | . . . Data Cores Recovered . | . . . Used . | . . . Hacking Detections 5 | . 5 . Full Trace Events . | . . . Feedback Events . | . . . Feedback Blocked . | . . . Robot Schematics Acquired . | . . . Robots Built . | . . . Authchips . | . . . Time . | . . . Total Robot Build Rating . | . . . Part Schematics Acquired . | . . . Parts Built . | . . . Authchips . | . . . Time . | . . . Total Part Build Rating . | . . . Part Studies Acquired . | . . . Parts Repaired 1 | . 1 . Time 26 | . 26 . Parts Recycled . | . . . Recycled Matter . | . . . Retrieved Matter . | . . . Retrieved Components . | . . . Parts Scanalyzed . | . . . Part Schematics Acquired . | . . . Parts Damaged . | . . . Bothacking | -11 -10 -10 ------------ Run | Yrd Mat Sub Used RIF Installer . | . . . Robots Hacked . | . . . Non-combat . | . . . Combat . | . . . Robot Hacks Applied . | . . . Relay Couplers Released . | . . . Fabnet Peak Effective % . | . . . Robots Rewired . | . . . Allies Hacked . | . . . Hacks Repelled . | . . . Allies | -11 -10 -10 -------- Run | Yrd Mat Sub Total Allies . | . . . Largest Group . | . . . Highest-Rated Group . | . . . Highest-Rated Ally . | . . . Total Orders . | . . . Ally Attacks . | . . . Total Damage . | . . . Kills . | . . . Allies Corrupted . | . . . Allies Melted . | . . . Intel | -11 -10 -10 ------- Run | Yrd Mat Sub Active Infowar (turns) 1957 | 23 46 1888 Terrain 1957 | 23 46 1888 Robot Analysis Total 1 | . 1 . Derelict Logs Recovered 3 | . . 3 Drone Launches . | . . . Drone Recoveries . | . . . Exploration | -11 -10 -10 ------------- Run | Yrd Mat Sub Turns Passed 4242 | 49 1569 2624 Spaces Moved 2087 | 19 739 1329 Core . | . . . Treads 2071 | 3 739 1329 Legs 16 | 16 . . Wheels . | . . . Hover . | . . . Flight . | . . . Fastest Speed 120 | 120 160 160 Average Speed 166 | 126 162 168 Slowest Speed 240 | 160 240 240 Overloaded Moves . | . . . Propulsion Burnouts . | . . . Robots Hopped . | . . . Potential Cave-ins . | . . . Cave-ins Triggered . | . . . Exploration Rate (%) 59 | 3 96 79 Regions Visited 2 Branch Regions 1 Pre-discovered Areas 3 | . 2 1 Known Exits Taken . | . . . Unknown Exits Taken 2 | 1 1 . Scrap Searched 11 | . . 11 Spaces Dug 3 | . . 3 Terrain Destroyed 26 | . . 26 Melee . | . . . Projectile 7 | . . 7 AOE 19 | . . 19 Terrain Rammed . | . . . Walls Destroyed . | . . . Machines Disabled . | . . . Actions | -11 -10 -10 --------- Run | Yrd Mat Sub Total 2570 | 31 984 1555 Wait 238 | . 145 93 Move 2085 | 18 738 1329 Hop . | . . . Pick Up 20 | 1 16 3 Fast Attach 10 | 1 5 4 Attach 6 | 2 1 3 Detach 1 | . . 1 Swap 18 | . 8 10 Drop 17 | 2 8 7 Fire 172 | 7 60 105 Melee . | . . . Ram . | . . . Kick . | . . . Crush 3 | . 3 . Escape Stasis . | . . . Rewire . | . . . Trap . | . . . Miscellaneous . | . . . Route ------- -11/Scrapyard -10/Materials (discovered 5 exits: *Mat x3 / [*Min] / *Sub) -10/Subcaves (discovered 4 exits: [*Mat x2] / [*Rec] / [*Scr]) History --------- Turn | Location | Event 19 | -11/Scrapyard | Discovered new exit (range 3) 50 | -11/Scrapyard | Entered Materials 309 | -10/Materials | Build established: Mutant 379 | -10/Materials | Discovered new exit (range 14) 379 | -10/Materials | Discovered new exit (range 13) 484 | -10/Materials | Discovered new exit (range 3) 852 | -10/Materials | Repaired Lgt. Treads 986 | -10/Materials | Discovered new exit (range 16) 1481 | -10/Materials | Identified exit to Materials 1557 | -10/Materials | Learned Storage terminal intel 1601 | -10/Materials | Discovered new exit (range 8) 1619 | -10/Materials | Entered Subcaves 1620 | -10/Subcaves | Approached by a straggling Scientist 1641 | -10/Subcaves | Discovered new exit (range 15) 1935 | -10/Subcaves | Learned 2 Materials zone layouts 2307 | -10/Subcaves | Disturbed a concealed Subdweller 2441 | -10/Subcaves | Visited Clippyterm 2446 | -10/Subcaves | Learned Research security intel 2446 | -10/Subcaves | Learned Factory garrison access intel 2511 | -10/Subcaves | Ambushed by Subdwellers from Twisted Machinery 2736 | -10/Subcaves | Shifting Twisted Machinery released Battle Rifle 2787 | -10/Subcaves | Ambushed by angry Subdweller bent on revenge 2935 | -10/Subcaves | A swath of the cavern ceiling suddenly collapsed 3241 | -10/Subcaves | Core integrity fell below 50% 3257 | -10/Subcaves | Visited 4L-MR0's lab 3490 | -10/Subcaves | Discovered new exit (range 6) 3702 | -10/Subcaves | Learned location of 1 exit from Materials 3774 | -10/Subcaves | Scientist uncovered a shortcut to Scraptown 3915 | -10/Subcaves | Ambushed by angry Subdweller bent on revenge 3925 | -10/Subcaves | Core integrity fell below 20% 3967 | -10/Subcaves | Lost 3 parts (1p2w) 4138 | -10/Subcaves | Shifting Twisted Machinery released Piercing Trap 4142 | -10/Subcaves | Shifting Twisted Machinery released Sub. Beam Cannon 4231 | -10/Subcaves | Discovered new exit (range 11) 4243 | -10/Subcaves | Destroyed by S-10 Pest with Light Assault Rifle Last Messages --------------- 03922_ CA-0WD(R) suffers critical hit (Destroy). 03922_ Ion Engine destroyed. 03931_ CA-0WD(R) suffers critical hit (Destroy). 03936_ Sub. Machine Gun destroyed. 03937_ CA-0WD(R) destroyed. 03945_ Acquired 20 matter. 03993_ System corrupted: Heat flow error (+226). Piercing Trap falls loose from the Twisted Machinery. 04139_ System corrupted: Matter fused (-6). Sub. Beam Cannon falls loose from the Twisted Machinery. 04161_ Acquired Sub. Beam Cannon. 04163_ Acquired Spread Laser. 04173_ System corrupted: Heat flow error (+206). 04201_ System corrupted: Heat flow error (+195). 04220_ System corrupted: Component data lost. 04231_ EXIT=FOUND 04233_ Lgt. Treads destroyed. 04234_ Ion Engine destroyed. Map ----- +----------------------------------------------------+ | ##????#????#?# ######??## """ ##??? | | ##????????#???## #####??## " " ##??? | | #???#?????????### #???## ""!""## #??? | | ##????????????#?# ##?### ""=*"## ##?? | | #??????????#???## ### ""]%%=" ### | | ###??#???#???????## "&! "" | | #####??#??#????#????# | "" "" | | #? ##??#????#????##?### # "" ## | | ## #??????????????#?### ## ## #? | | #?????#?#?????????#### # ### #? | | #?#????#???#?#??????## ## ## | | #?????#??????#???#### ### ## # | | ###??????????#???##"## ### ## | | #?#?????#???????## "" ## | | ##????????????????# "" ## | | ###????????????#???#" "& ##### # | | #??????#????????#?##"" "" # # ##????## | | #?????#??????????# " " ######## ###?##?? | | # #???#???????????# ## ###?#??## #??##?? | | ######??????#????????# #####?###?# ####?#?? | | #???#????????????????# ####"? """## ## #?##? | | ?????????????????????# ##?#?? "## #??#? | | ????????????????????## ##### "### ##?#? | | ##?????##???????????# ## s t""### "##?? | | ####????#???????????# ss <## #""### | | ##?#?##??????????## @ s t""### ##"### | | #????????????????# # "# # #"""# | | #?????????#?#????# ###?? "# # "## # | | ##???????????#??# ##????"""# #"### | | ##???#?????????# ?#????### ""#? | | #?####?#??????# ???????# ## ### | | ##### ##?#????? ??#?# #### # # | | ### ##????# ?????##???# | | ##???## ####???#?#???## ## | | ###### ##??#?#???#????##### ## | | # # > ### #????????##?????#??## ###? | | # ####???????????#???????# #?# | | ## #????????#????????#?#??## ##?? | | ##### #### ### #?????#????????????##?# #?? | | ??#?## ##??######?# #??????#?????????????### ##?? | | ?????###???????????##??????????????#????## #??? | | #????????#?????????????????????????????## ##?? | | #?#####??#??????????????????????????????# ### | | ??""""#?????????????#????????#??????????## # | | ???"""#?????#??#?????????????????????????## ## | | ? ? #??#???????????????????#?????????#??# ## | | ?? #???????????????????????#???????????### # | | ???" "#?????????#??????????#???????????#?#?## | | ?### ##????##?????????????????#?#?????????## """" | | ?#"" "#???????????#?????#?#??????????????## " | +----------------------------------------------------+ Best States ------------- Heat Dissipation 35 Coolant Potential 50 Energy Generation 10 Energy Capacity 250 Matter Stores 300 Matter Capacity 300 Sight Range 16 Terrain Scan Range 16 Terrain Scan Density 10 Evasion (%) 45 Recoil Reduction 2 Item Schematics ----------------- None Robot Schematics ------------------ None Fabricated ------------ Nothing Repaired ---------- Lgt. Treads | 12% | -10/Materials Studied --------- None Alien Tech Used ----------------- None Achievements -------------- None Challenges ------------ None Game ------ Seed JammingSiegeBotcube Manual? 0 Play Time 00:20:19 Cumulative 421.9 hours Start 2026.04.21 @ 18:19:32 End 2026.04.21 @ 18:49:40 Sessions 1 Manual Loads 0 Difficulty Rogue Special Mode None Game No. 354 Rogue 318 Adventurer 36 Explorer 0 Win Type - Total 5 Types 2/0/0/1/0/0/0/2/0/0 Lore% 77 Gallery% 69 Achievement% 58 Wizard Run 0 Options --------- Layout 1 ASCII 0 Keyboard 0 Movement Numpad Keybinds 0 Fullscreen 1 Font 48/Smallcaps Map View 50x35 Zoom Use 0% Tactical HUD 1 Map Filters NONE Filters NONE Steam 1 RUN: 3f6d63f7-c339-4fc0-aa18-552851d3869a